AoeStats
← Eugenius

Arena

508706735Analyzed
4v4 RM · 8d ago on Sep 23, 2026· 23m 47s· 8 players
Game mode
Random Map
Map size
Large (8 player)
Population
200
Speed
Normal
Resources
Standard
Victory
Conquest
Starting age
Dark Age
Ending age
Imperial Age
RankedLock teamsTeams togetherTeam positionsShared explorationLock speedFull tech treeHidden civsTurbo modeCheats
Victory
Defeat
🇺🇸 Italians · United States
1765
+10
🇵🇪 Magyars · Peru
1710
+12
🇲🇽 Gurjaras · Mexico
1685
+13
🇲🇽 Bohemians · Mexico
1423
+25
🇪🇸 Danes · Spain
1665
-17
🇺🇸 Teutons · United States
1639
-16
🇫🇷 Poles · France
1635
-15
🇩🇪 Varangians · Germany
1558
-12
quesarito
7:43 Feudal Age
8:18 Double-Bit Axe
12:47 Fletching
12:57 Loom
13:54 Padded Archer Armor
25:28 Castle Age
Eugenius
10:18 Feudal Age
11:19 Double-Bit Axe
12:28 Bloodlines
15:53 Scale Barding Armor
§Y¶# Ä
2:13 Loom
9:45 Feudal Age
11:21 Double-Bit Axe
11:57 Horse Collar
16:02 Castle Age
15:52 Wheelbarrow
19:11 Husbandry
23:46 Scale Barding Armor
AM | DEMONIO_MX
10:35 Feudal Age
9:39 Loom
14:15 Castle Age
13:11 Double-Bit Axe
13:12 Horse Collar
14:00 Fletching
16:52 Fervor
21:41 Wheelbarrow
21:37 Bow Saw
21:58 Heavy Plow
22:05 Bodkin Arrow
kingsvtro
10:45 Feudal Age
12:05 Double-Bit Axe
12:10 Horse Collar
14:55 Castle Age
15:51 Loom
17:26 Bow Saw
19:59 Wheelbarrow
25:49 Imperial Age
Benni
10:57 Feudal Age
14:44 Castle Age
13:21 Bloodlines
13:11 Double-Bit Axe
13:15 Horse Collar
13:58 Scale Barding Armor
15:22 Gold Mining
16:40 Loom
OGN
10:42 Feudal Age
14:52 Castle Age
12:58 Double-Bit Axe
13:29 Horse Collar
16:57 Bow Saw
20:37 Loom
Xololo
6:45 Loom
9:39 Feudal Age
10:33 Town Watch
15:26 Fletching
19:55 Wheelbarrow
19:59 Horse Collar
Connection lost

Rejoining the realm…

Still unreachable

The connection could not be restored.

Session expired

The server has moved on; the page needs a fresh start.